 Dungeon Crawl Stone Soup version 0.30-a0-782-ge64f9170bb (webtiles) character file.

Game seed: 9699293429256847010

86 HoaS the Shooter (level 4, -4/26 HPs)
             Began as a Gargoyle Hunter on Mar 9, 2023.
             Killed from afar by Ijyb (10 damage)
             ... with a bolt of light
             ... on level 3 of the Dungeon.
             The game lasted 00:04:12 (1646 turns).

HoaS the Shooter (Gargoyle Hunter)                  Turns: 1646, Time: 00:04:13

Health: -4/26      AC: 11    Str: 15    XL:     4   Next: 49%
Magic:  4/4        EV: 11    Int:  9    God:
Gold:   133        SH:  0    Dex: 15    Spells: 3/3 levels left

rFire   . . .      SeeInvis .    a - +0 shortbow
rCold   . . .      Faith    .    (shield currently unavailable)
rNeg    + . .      Spirit   .    c - +0 leather armour
rPois   ∞          Reflect  .    e - +1 helmet
rElec   +          Harm     .    (no cloak)
rCorr   .          Rampage  .    (no gloves)
Will    .....                    f - +2 pair of boots
Stlth   ++                       g - amulet of the acrobat
HPRegen 0.24/turn                (no ring)
MPRegen 0.09/turn                (no ring)

@: no status effects
A: sickness immunity, AC +3, negative energy resistance 1, electricity
resistance, torment resistance 1, petrification resistance
a: no special abilities


You were on level 3 of the Dungeon.
You visited 1 branch of the dungeon, and saw 3 of its levels.

You collected 133 gold pieces.

Inventory:

Hand Weapons
 a - a +0 shortbow (weapon)
Armour
 c - a +0 leather armour (worn)
 e - a +1 helmet (worn)
 f - a +2 pair of boots (worn)
Jewellery
 g - an amulet of the acrobat (around neck)
Scrolls
 b - 3 scrolls of immolation
 h - a scroll of fear {unknown}
 i - a scroll of identify
Potions
 d - a potion of mutation {unknown}
 k - a potion of curing
 m - a potion of cancellation


   Skills:
 - Level 2.1 Fighting
 + Level 5.8 Ranged Weapons
 - Level 1.5 Dodging
 - Level 1.1 Stealth


You had 3 spell levels left.
You didn't know any spells.
Your spell library contained the following spells:

 Spells                   Type           Power      Damage    Failure   Level
 Yara's Violent Unravell  Hex/Tmut       0%         3d3       100%        5
 Enfeeble                 Hex            0%         N/A       100%        7


Dungeon Overview and Level Annotations

Branches:
Dungeon (3/15)

Altars:
Okawaru

Shops:
D:1 [

Annotations:
D:3 Ijyb


Innate Abilities, Weirdness & Mutations

You are immune to sickness and miasma.
Your stone body is resilient. (AC +3)
You are immune to poison.
You resist negative energy. (rN+)
You are resistant to electric shocks. (rElec)
You are resistant to unholy torment.
You are immune to petrification.


Message History

No target in view!
No target in view!
Ijyb the Twisted Goblin comes into view.
She is wielding a +0 club and carrying a wand of light (8).
Ijyb shouts!
You shoot an arrow. The arrow closely misses Ijyb.
You hear a bark! x3
You shoot an arrow. The arrow closely misses Ijyb.
You hear a bark!
You shoot an arrow. The arrow hits Ijyb.
Ijyb is moderately wounded.
You shoot an arrow. The arrow hits Ijyb.
Ijyb is heavily wounded.
A jackal comes into view.
Ijyb zaps a wand.
The bolt of light misses you.
You shoot an arrow. The arrow barely misses Ijyb.
The arrow hits the jackal.
The jackal is almost dead.
You hear a bark!
A jackal comes into view.
Ijyb zaps a wand.
The bolt of light misses you.
You shoot an arrow. The arrow barely misses Ijyb.
The arrow hits the jackal!
You kill the jackal!
Ijyb zaps a wand.
The bolt of light hits you!
Ouch! That really hurt!
Ijyb hits you but does no damage.
You shoot an arrow. The arrow closely misses Ijyb.
The arrow completely misses the jackal.
Ijyb hits you with a +0 club.
* * * LOW HITPOINT WARNING * * *
You shoot an arrow. The arrow hits Ijyb but does no damage.
Ijyb is heavily wounded.
Ijyb hits you but does no damage. x2
Okay, then.
You shoot an arrow. The arrow closely misses Ijyb.
The arrow hits the jackal.
The jackal is lightly wounded.
Ijyb hits you with a +0 club.
* * * LOW HITPOINT WARNING * * *
You shoot an arrow. The arrow hits Ijyb!
Ijyb is almost dead.
A jackal comes into view.
Ijyb zaps a wand.
The bolt of light hits you!
You die...

# #.####. # #.# #. #
#.# #.##### # #.# .....
########.#####.#.#
.......†.......#.####.#
......##...........<..#
#####.##########.######
#.# #@# #.# #g# #.#


hh. #.# .#).. #.# ##.#..# #.# # #.# #.# .# .# You could see Ijyb and 2 jackals.

Vanquished Creatures
  Terence (D:3)
  A gnoll (D:3)
  An adder (D:2)
  4 bats
  5 endoplasms
  3 giant cockroaches
  4 goblins
  6 hobgoblins
  A jackal (D:3)
  A quokka (D:1)
  2 ball pythons
  4 kobolds
  6 rats
39 creatures vanquished.

Notes
Turn   | Place    | Note
-------+----------+-------------------------------------------
     0 | D:1      | HoaS the Gargoyle Hunter began the quest for the Orb.
     0 | D:1      | Reached XP level 1. HP: 12/12 MP: 1/1
   160 | D:1      | Reached XP level 2. HP: 17/17 MP: 2/2
   297 | D:1      | Found Idwom's Armour Shoppe.
   392 | D:1      | Found a faded altar of an unknown god.
   776 | D:2      | Found an iron altar of Okawaru.
   909 | D:2      | Reached XP level 3. HP: 21/21 MP: 3/3
  1088 | D:2      | Reached skill level 5 in Ranged Weapons
  1387 | D:3      | Noticed Terence
  1413 | D:3      | Killed Terence
  1414 | D:3      | Reached XP level 4. HP: 11/26 MP: 4/4
  1635 | D:3      | Noticed Ijyb
  1646 | D:3      | Killed from afar by Ijyb

Illustrated notes

Levels and vault maps discovered:
D:1:      dpeg_arrival_tiny_h, layout_loops_ring, serial_shops,
          nicolae_shop_statue_plus, chequers_ecumenical_altar_simple
D:2:      layout_loops_ring, basic_altar
D:3:      layout_loops_ring, uniq_terence, uniq_ijyb

Skill      XL: |  1  2  3 |
---------------+----------+-----
Ranged Weapons | 5 |  5.8
Fighting       | |  2.1
Dodging        | |  1.5
Stealth        | |  1.1

Action                     |  1- 3 |  4- 6 || total
---------------------------+-------+-------++-------
   Fire: Shortbow          |    82 |    31 ||   113
    Use: Scroll            |    14 |       ||    14
         Potion            |     1 |       ||     1
 Armour: Leather armour    |     7 |    10 ||    17
  Dodge: Dodged            |    15 |     9 ||    24

Table legend: (Time is in decaauts)
 A = Elapsed time spent in this place.
 B = Non-inter-level travel time spent in this place.
 C = Inter-level travel time spent in this place.
 D = Time resting spent in this place.
 E = Time spent auto-exploring this place.
 F = Levels seen in this place.
 G = Mean time per level.
                   A        B        C        D        E       F      G
               +--------+--------+--------+--------+--------+-----+--------+
         Total |   1678 |   1610 |     68 |     65 |   1242 |   3 |  559.3 |
       Dungeon |   1678 |   1610 |     68 |     65 |   1242 |   3 |  559.3 |
               +--------+--------+--------+--------+--------+-----+--------+

Top non-repeatable levels by time:
     D:1: 700 daAuts
     D:2: 566 daAuts
     D:3: 411 daAuts
